 Dungeon Crawl Stone Soup version 0.30-b1-2-g02819fbbbe (webtiles) character file.

Game seed: 8159483930994850806

1296 Borgoz the Ducker (level 8, 0/68 HPs)
             Began as a Ghoul Gladiator on June 18, 2023.
             Was an Initiate of Okawaru.
             Slain by a water moccasin (4 damage)
             ... on level 6 of the Dungeon.
             The game lasted 00:13:35 (6632 turns).

Borgoz the Ducker (Ghoul Gladiator)                 Turns: 6632, Time: 00:13:35

Health: 0/68       AC:  9    Str: 18    XL:     8   Next: 56%
Magic:  7/7        EV: 11    Int:  3    God:    Okawaru [......]
Gold:   383        SH:  3    Dex: 12    Spells: 7/7 levels left

rFire   . .          .
                       - Unarmed
rCold   + . .        f - +0 buckler
rNeg    + + +        g - +0 scale mail
rPois   ∞            b - +0 helmet
rElec   .            (no cloak)
rCorr   .            (no gloves)
SInv    .            e - +0 pair of boots
Will    .....        (no amulet) Stlth
                     a - ring of flight
HPRegen 0.00/turn    (no ring)
MPRegen 0.10/turn

%: no passive effects
@: flying, inhibited regen
A: claws 1, cold resistance 1, negative energy resistance 3, inhibited
regeneration, torment resistance 2, devour on kill
a: Renounce Religion


You were on level 6 of the Dungeon.
You worshipped Okawaru.
Okawaru was noncommittal.
You visited 1 branch of the dungeon, and saw 6 of its levels.

You collected 383 gold pieces.

Inventory:

Missiles
 h - 4 boomerangs (quivered)
 l - 16 poisoned darts
Armour
 b - a +0 helmet (worn)
 e - a +0 pair of boots (worn)
 f - a +0 buckler (worn)
 g - a +0 scale mail (worn)
Jewellery
 a - a ring of flight (left claw)
Wands
 c - a wand of roots (6)
 r - a wand of flame (1)
Scrolls
 j - a scroll of fog
 s - a scroll of enchant weapon
Potions
 m - a potion of flight


   Skills:
 + Level 5.1 Fighting
 - Level 1.8 Throwing
 * Level 4.9 Armour
 * Level 5.8 Dodging
 + Level 5.7 Unarmed Combat


You had 7 spell levels left.
You didn't know any spells.
Your spell library contained the following spells:

 Spells                   Type           Power      Damage    Failure   Level
 Shock                    Conj/Air       0%         1d3       94%         1
 Swiftness                Air            0%         N/A       100%        3
 Airstrike                Air            0%         2d(0-16)  100%        4


Dungeon Overview and Level Annotations

Branches:
Dungeon (6/15)
 Temple: D:4-7

Altars:
Fedhas
Gozag
Makhleb
Okawaru

Shops:
D:1 =

Annotations:
D:6 Maggie


Innate Abilities, Weirdness & Mutations

You are immune to poison.
You have sharp fingernails.
Your flesh is cold resistant. (rC+)
You are immune to negative energy. (rN+++)
You do not regenerate when monsters are visible.
You are immune to unholy pain and torment.
You thrive by killing the living.


Message History

* * * LOW HITPOINT WARNING * * *
You scratch the wight.
The wight is lightly damaged.
The wight closely misses you.
You scratch the wight.
The wight is lightly damaged.
The wight closely misses you.
Okay, then.
You scratch the wight but do no damage.
The wight is lightly damaged.
Blink to where?
Press: ? - help, Dir - move target
As you read the scroll of blinking, it crumbles to dust.
The water moccasin hisses angrily.
Okay, then.
Throw: javelin
Press: ? - help, Q - select action, (/) - cycle Shift-Dir - straight line, f - water moccasin
Aim: a water moccasin (40% to hit)
You throw a javelin.
The javelin closely misses the water moccasin.
You hear a splash.
Okay, then.
Okay, then.
Okay, then.
Okay, then.
Throw: 4 boomerangs
Press: ? - help, Q - select action, (/) - cycle Shift-Dir - straight line, f/p - water moccasin
Aim: a water moccasin (40% to hit)
You throw a boomerang.
The boomerang closely misses the water moccasin.
The water moccasin bites you.
* * * LOW HITPOINT WARNING * * *
You closely miss the water moccasin. The water moccasin closely misses you.
You miss the water moccasin.
The water moccasin bites you but does no damage.
You scratch the wight.
The wight is moderately damaged.
You block the water moccasin's attack. The wight closely misses you.
The water moccasin bites you.
You die...

#..# ##....... ##g##
##)....... ##g.## #..#
###..#### ###.## .###.g..#
#######...# ..#####.#
##.......####
.....##.####..##...........
...#.....##≈≈≈##.z.........
.........)..≈..#@..≈.......
................S.~≈.......
.####............~≈........
###...........≈.#≈....#.##.
###.###.......≈..........
#...# ###....@≈≈#.~≈≈...
~..######......≈..≈...## #
~......>.......≈≈.≈.... .#
~~..............≈≈....# ..#


You could see Maggie, a water moccasin and a wight.

Vanquished Creatures
  2 ice beasts (D:6)
  3 black bears
  An ogre (D:5)
  Blork the orc (D:5)
  2 gnoll sergeants
  2 wights (D:6)
  2 hounds (D:5)
  2 jellies
  Ijyb (D:5)
  2 orc wizards
  8 adders
  7 gnolls
  A shadow imp (D:6)
  2 worms (D:2)
  A dart slug (D:5)
  13 orcs
  8 ball pythons
  9 bats
  6 endoplasms
  4 giant cockroaches
  5 goblins
  10 hobgoblins
  3 jackals
  10 kobolds
  2 quokkas
  3 frilled lizards
  9 rats
119 creatures vanquished.

Notes
Turn   | Place    | Note
-------+----------+-------------------------------------------
     0 | D:1      | Borgoz the Ghoul Gladiator began the quest for the Orb.
     0 | D:1      | Reached XP level 1. HP: 17/17 MP: 0/0
    91 | D:1      | Reached XP level 2. HP: 24/25 MP: 1/1
   436 | D:1      | Found Estry's Jewellery Boutique.
   469 | D:1      | Reached XP level 3. HP: 30/30 MP: 2/2
   853 | D:1      | Reached skill level 1 in Armour
  1048 | D:2      | Reached XP level 4. HP: 32/38 MP: 3/3
  2566 | D:3      | Reached XP level 5. HP: 45/45 MP: 4/4
  2784 | D:4      | Noticed a black bear
  2803 | D:4      | Killed a black bear
  3219 | D:5      | Entered Level 5 of the Dungeon
  3264 | D:5      | Noticed an ogre
  3270 | D:5      | Killed an ogre
  3271 | D:5      | Reached XP level 6. HP: 52/52 MP: 5/5
  3320 | D:4      | HP: 2/52 [gnoll sergeant/+2 heavy spear (9)]
  3951 | D:5      | Reached XP level 7. HP: 51/59 MP: 6/6
  4103 | D:5      | Found an iron altar of Okawaru.
  4106 | D:5      | Found a blossoming altar of Fedhas.
  4109 | D:5      | Found a burning altar of Makhleb.
  4124 | D:5      | Found an opulent altar of Gozag.
  4124 | D:5      | You are sucked into a shaft and drop 1 floor!
  4580 | D:6      | Reached skill level 5 in Unarmed Combat
  4798 | D:5      | Reached skill level 5 in Dodging
  4909 | D:5      | Reached XP level 8. HP: 54/67 MP: 7/7
  5062 | D:5      | Noticed Blork the orc
  5085 | D:5      | Killed Blork the orc
  5259 | D:5      | Noticed Ijyb
  5279 | D:5      | Killed Ijyb
  6169 | D:5      | Reached skill level 5 in Fighting
  6377 | D:5      | Became a worshipper of Warmaster Okawaru
  6464 | D:6      | Noticed Maggie
  6632 | D:6      | Slain by a water moccasin

Illustrated notes

Levels and vault maps discovered:
D:1:      dpeg_arrival_arbitrary_a, layout_basic, serial_shops, shop
D:2:      layout_basic, minmay_tiny_reverse_x
D:3:      minmay_diamond_boxcup, layout_loops_ring, serial_aquarium,
          aquarium_bridge_long_joined [aquarium_subvault_bridge,
          aquarium_subvault_balcony, aquarium_subvault_wall,
          aquarium_subvault_bridge, aquarium_subvault_bridge,
          aquarium_subvault_balcony], aquarium_bridge_square
          [aquarium_subvault_wall, aquarium_subvault_bridge,
          aquarium_subvault_bridge, aquarium_subvault_wall], aquarium_window_1,
          aquarium_window_1, aquarium_window_1, aquarium_view_2b,
          nicolae_figureground_sparkle
D:4:      layout_cave_pods, minmay_misc_feat_more_columns, minmay_statues_item
D:5:      layout_gridville, grunt_temple_overflow_cloverleaf, uniq_ijyb,
          uniq_blork_the_orc
D:6:      layout_rooms, biasface_ghost_orc_armoury, serial_rivers,
          chequers_serial_rivers_small_b, chequers_serial_rivers_large_b,
          chequers_serial_rivers_small_b, chequers_serial_rivers_micro_b,
          uniq_maggie

Skill      XL: |  1  2  3  4  5  6  7  8 |
---------------+-------------------------+-----
Armour         | 1 2 3 4 |  4.9
Dodging        | 3 4 5 |  5.8
Fighting       | 3 4 5 |  5.1
Unarmed Combat | 4 5 |  5.7
Throwing       | |  1.8

Action                     |  1- 3 |  4- 6 |  7- 9 || total
---------------------------+-------+-------+-------++-------
  Melee: Unarmed           |   105 |   191 |   214 ||   510
         Punch             |     1 |     3 |    10 ||    14
  Throw: Throwing net      |       |     3 |     2 ||     5
         Dart              |       |       |    12 ||    12
         Javelin           |       |       |     2 ||     2
         Boomerang         |       |       |     1 ||     1
  Evoke: Wand              |       |     2 |     4 ||     6
    Use: Scroll            |     1 |    10 |     3 ||    14
         Potion            |       |     1 |     7 ||     8
   Stab: Invisible         |       |       |     5 ||     5
 Armour: Leather armour    |    27 |    20 |       ||    47
         Ring mail         |       |    25 |    64 ||    89
         Scale mail        |       |       |    13 ||    13
  Dodge: Dodged            |    66 |   120 |   154 ||   340
  Block: Buckler           |       |       |     5 ||     5
